cohdb
Replays
Latest Replays
All Replays
Popular Replays
Top Player Replays
Match Explorer
How It Works
Community
CoH3 Stats
Reddit
Sign in to upload your games and track your stats! →
Sign in with Steam
Match 46641917
Unlisted
Match 46641917
Overview
Messages
Build Orders
End
Royal Engineer Section
Construct Section Command Post
Selects Canadian Shock Battlegroup
Dingo Light Scout Car
Infantry Section
Vickers Machine Gun Team
Selects Attacking Spirit
Selects Canadian Shock Section
Construct Platoon Command Post
Humber Armored Car
Canadian Shock Section
Selects Smoke Operation
CMP 15cwt Truck
Selects Incendiary Munitions
6-pounder Anti-tank Gun Team
6-pounder Anti-tank Gun Team
Construct Company Command Post
Selects Pyrotechnics
Unlock M3 Grant Medium Tanks
M3 Grant Medium Tank
Canadian Shock Section
Armored Vehicle Training
M3 Grant Medium Tank
Smoke Operation
Selects Churchill Crocodile Heavy Tank
Smoke Operation
bearskill123
Rodey
Carecup
Kampfstärke
[RN] Friedus
Sp1tzbua
0
0
Comments
sign in to comment!
No comments posted yet!